 Dungeon Crawl Stone Soup version 0.22.0-49-gab54619 (webtiles) character file.

58 harcile the Skirmisher (level 4, -1/40 HPs)
             Began as a Hill Orc Berserker on Sept 6, 2018.
             Was a Follower of Trog.
             Slain by a worker ant (7 damage)
             ... on level 4 of the Dungeon.
             The game lasted 00:04:11 (1903 turns).

harcile the Skirmisher (Hill Orc Berserker)         Turns: 1903, Time: 00:04:11

Health: -1/40      AC:  7    Str: 20    XL:     4   Next: 1%
Magic:  4/4        EV: 11    Int:  7    God:    Trog [*.....]
Gold:   137        SH:  3    Dex: 10    Spells: 3/3 levels left

rFire    . . .     SeeInvis .   a - +0 falchion
rCold    . . .     Gourm    .   k - +0 buckler
rNeg     . . .     Faith    .   b - +0 animal skin
rPois    .         Spirit   .   t - +0 helmet
rElec    .         Reflect  .   s - +0 cloak
rCorr    .         Harm     .   m - +2 pair of gloves
MR       .....                  (no boots)
Stlth    +.........             (no amulet)
HPRegen  0.13/turn              (no ring)
MPRegen  0.09/turn              (no ring)

@: no status effects
A: no striking features
a: Berserk, Renounce Religion


You were on level 4 of the Dungeon.
You worshipped Trog.
Trog was aware of your devotion.
You were not hungry.

You visited 1 branch of the dungeon, and saw 4 of its levels.

You collected 137 gold pieces.

Inventory:

Hand Weapons
 a - a +0 falchion (weapon)
Armour
 b - a +0 animal skin (worn)
 k - a +0 buckler (worn)
 m - a +2 pair of gloves (worn)
 q - a +0 chain mail
 s - a +0 cloak (worn)
 t - a +0 helmet (worn)
Jewellery
 d - an uncursed amulet of faith {unknown}
 p - a cursed -2 ring of intelligence {unknown}
Scrolls
 f - 3 scrolls of identify {unknown}
 g - a scroll of remove curse {unknown}
 h - a scroll of enchant weapon {unknown}
 j - a scroll of teleportation {unknown}
 o - a scroll of fog {unknown}
 u - a scroll of amnesia {unknown}
Potions
 e - 2 potions of lignification {unknown}
 i - a potion of berserk rage {unknown}
 l - 2 potions of might {unknown}
 n - 2 potions of curing {unknown}
 r - 2 potions of haste {unknown}
 v - a potion of invisibility {unknown}
 w - a potion of heal wounds {unknown}
 x - a potion of brilliance {unknown}
Comestibles
 c - 8 rations
 z - 2 chunks of flesh


   Skills:
 + Level 4.1 Fighting
 + Level 4.0 Long Blades
 + Level 2.3 Armour
 + Level 2.0 Dodging
 + Level 1.0 Stealth
 + Level 0.5 Shields


You had 3 spell levels left.
You didn't know any spells.
Your spell library was empty.

Dungeon Overview and Level Annotations

Branches:
Dungeon (4/15)
 Temple: D:4-7

Altars:
Sif Muna


Message History

The jackal barely misses you. The jackal barely misses you.
The jackal bites you.
* * * LOW HITPOINT WARNING * * *
The jackal bites you.
* * * LOW HITPOINT WARNING * * *
Found a pair of gloves.
The jackal bites you but does no damage.
The jackal barely misses you. The jackal barely misses you.
You riposte.
You hit the jackal.
You kill the jackal!
Trog accepts your kill.
You have reached level 4!
A worker ant comes into view.
You block the jackal's attack.
The worker ant twitches its antennae in your direction.
You block the jackal's attack. You block the worker ant's attack.
The worker ant bites you!
You die...

.#. .... #..# #..#
#..##### ##..##... ..
##..##..# #.#
######@h###.## #.#
.......a....o.## #.#
............#†.####.#
.###...#######......###
###.## ###..o.#....##
....######...##........
#..........#######.##..
#.####..#### #.#
#.....# ###.#


You could see a worker ant, an orc and a jackal.

Vanquished Creatures
  2 adders
  A worm (D:3)
  A dart slug (D:3)
  2 leopard geckos (D:1)
  3 giant cockroaches (D:1)
  2 goblins
  5 hobgoblins
  2 jackals (D:4)
  3 bats
  2 frilled lizards
  7 kobolds
  A leopard gecko skeleton (D:4)
  2 rats
33 creatures vanquished.

Notes
Turn   | Place    | Note
-------+----------+-------------------------------------------
     0 | D:1      | harcile the Hill Orc Berserker began the quest for the Orb.
     0 | D:1      | Reached XP level 1. HP: 19/19 MP: 1/1
   101 | D:1      | Reached XP level 2. HP: 12/27 MP: 2/2
   826 | D:2      | Reached XP level 3. HP: 27/33 MP: 3/3
  1321 | D:3      | Found a deep blue altar of Sif Muna.
  1872 | D:4      | Noticed an ogre
  1881 | D:4      | Reached skill level 1 in Stealth
  1898 | D:4      | Reached XP level 4. HP: 5/40 MP: 4/4
  1903 | D:4      | Slain by a worker ant

Skill      XL: |  1  2  3 |
---------------+----------+-----
Fighting       | 4 |  4.1
Long Blades    | 4 |  4.0
Dodging        | 2 |  2.0
Stealth        | 1 |  1.0
Armour         | |  2.3
Shields        | |  0.5

Action                   |  1- 3 |  4- 6 || total
-------------------------+-------+-------++-------
Melee: Falchion          |   134 |       ||   134
 Stab: Sleeping          |     1 |       ||     1
  Eat: Chunk             |     3 |       ||     3
Armor: Animal skin       |    45 |       ||    45
Dodge: Dodged            |    83 |       ||    83
Block: Buckler           |    17 |     3 ||    20
       Rpst.: Falchion   |    31 |       ||    31
